AoeStats
← molnarvanessza96

Oasis

507819477Analyzed
4v4 RM · 11d ago on Sep 19, 2026· 50m 35s· 8 players
Game mode
Random Map
Map size
Large (8 player)
Population
200
Speed
Normal
Resources
Standard
Victory
Conquest
Starting age
Dark Age
Ending age
Imperial Age
RankedLock teamsTeams togetherTeam positionsShared explorationLock speedFull tech treeHidden civsTurbo modeCheats
Victory
Defeat
🇺🇸 Japanese · United States
857
+14
🇬🇧 Italians · United Kingdom
847
+14
🇬🇧 Mongols · United Kingdom
817
+15
🇺🇸 Huns · United States
799
+16
🇭🇺 Franks · Hungary
899
-19
🇭🇺 Persians · Hungary
801
-15
🇧🇷 Poles · Brazil
761
-13
🇨🇱 Teutons · Chile
744
-12
ii BLACK xEAGLE
11:22 Feudal Age
11:54 Double-Bit Axe
11:53 Horse Collar
16:24 Wheelbarrow
22:31 Castle Age
22:01 Loom
22:42 Stone Mining
22:50 Gold Mining
24:48 Heavy Plow
25:25 Bow Saw
27:02 Stone Shaft Mining
26:50 Hand Cart
33:07 Caravan
33:09 Fletching
33:19 Padded Archer Armor
33:30 Forging
33:26 Scale Barding Armor
33:43 Masonry
35:53 Gold Shaft Mining
39:26 Imperial Age
42:28 Drill
41:32 Onager
41:35 Capped Ram
44:30 Siege Ram
44:36 Siege Onager
46:15 Fortified Wall
47:07 Chemistry
46:13 Siege Engineers
46:29 Ballistics
46:48 Iron Casting
46:33 Chain Barding Armor
46:09 Bodkin Arrow
46:29 Leather Archer Armor
47:26 Light Cavalry
48:07 Husbandry
48:19 Bloodlines
47:34 Heavy Camel Rider
Fp OZIL 11
10:48 Feudal Age
9:36 Loom
16:12 Horse Collar
19:41 Castle Age
18:29 Double-Bit Axe
19:36 Stone Mining
22:00 Wheelbarrow
23:06 Hand Cart
25:12 Bow Saw
25:22 Heavy Plow
26:05 Gold Mining
28:43 Silk Road
34:17 Imperial Age
32:54 Fletching
33:49 Padded Archer Armor
34:11 Ballistics
34:40 Fortified Wall
34:35 Caravan
36:29 Chemistry
35:54 Conscription
37:16 Bodkin Arrow
37:59 Elite Genoese Crossbowman
41:23 Crop Rotation
41:56 Two-Man Saw
42:36 Leather Archer Armor
42:22 Bracer
43:33 Thumb Ring
47:34 Masonry
OneMore132688
7:06 Loom
11:31 Feudal Age
12:11 Double-Bit Axe
20:48 Castle Age
18:42 Stone Mining
18:45 Horse Collar
20:40 Gold Mining
22:26 Bow Saw
24:08 Heavy Plow
26:03 Wheelbarrow
33:53 Imperial Age
31:42 Pikeman
34:05 Gold Shaft Mining
33:59 Husbandry
35:39 Chemistry
36:01 Two-Man Saw
35:18 Scale Barding Armor
35:24 Forging
36:11 Conscription
36:21 Chain Barding Armor
36:53 Hand Cart
37:49 Atheism
37:13 Cavalier
39:48 Iron Casting
40:46 Plate Barding Armor
41:13 Elite Tarkan
42:04 Elite Skirmisher
43:29 Paladin
Williamjason007
14:53 Feudal Age
20:58 Castle Age
18:58 Double-Bit Axe
19:43 Horse Collar
20:13 Stone Mining
20:16 Gold Mining
21:42 Forging
21:32 Scale Mail Armor
21:56 Heavy Plow
23:57 Iron Casting
26:00 Chain Mail Armor
32:01 Imperial Age
30:27 Arson
31:19 Squires
30:56 Pikeman
34:27 Elite Samurai
36:23 Plate Mail Armor
38:23 Blast Furnace
37:50 Kataparuto
39:01 Halberdier
TheRamblingWorld
0:29 Loom
9:54 Loom
20:06 Feudal Age
22:25 Wheelbarrow
21:56 Double-Bit Axe
22:19 Gold Mining
26:06 Town Watch
29:07 Castle Age
28:08 Fletching
29:21 Forging
29:11 Scale Mail Armor
29:17 Scale Barding Armor
29:13 Padded Archer Armor
29:18 Stone Mining
33:08 Hand Cart
32:54 Bodkin Arrow
33:38 Bow Saw
34:45 Gold Shaft Mining
36:58 Caravan
40:51 Town Patrol
43:52 Iron Casting
43:32 Chain Mail Armor
43:14 Pikeman
43:54 Squires
43:40 Arson
44:48 Chain Barding Armor
44:41 Fortified Wall
44:43 Masonry
45:35 #83
49:01 Padded Archer Armor
49:25 Ballistics
53:04 Imperial Age
50:47 Masonry
50:48 Fortified Wall
sebajr10
11:52 Feudal Age
13:10 Wheelbarrow
12:23 Double-Bit Axe
20:26 Castle Age
20:14 Stone Mining
21:27 Hand Cart
21:32 Bow Saw
25:38 Horse Collar
27:38 Stone Shaft Mining
27:20 Gold Mining
28:57 Heavy Plow
29:02 Loom
33:10 Imperial Age
32:40 Caravan
33:17 Cavalier
34:09 Bloodlines
35:17 Town Watch
36:37 Two-Man Saw
37:47 Crop Rotation
40:42 Squires
41:11 Paladin
44:23 Forging
44:19 Scale Barding Armor
45:42 Iron Casting
molnarvanessza96
4:36 Loom
12:24 Feudal Age
13:03 Horse Collar
13:10 Double-Bit Axe
19:48 Castle Age
20:45 Bow Saw
21:40 Heavy Plow
25:18 Wheelbarrow
24:41 Gold Mining
29:16 Bloodlines
29:07 Husbandry
29:24 Forging
29:20 Scale Barding Armor
29:24 Stone Mining
30:45 Iron Casting
30:11 Gambesons
30:28 Squires
30:21 Gambesons
31:42 Hand Cart
32:48 Town Watch
33:43 Chain Barding Armor
32:52 Pikeman
33:37 Scale Mail Armor
34:03 Town Patrol
35:16 Masonry
35:27 Ballistics
37:47 Imperial Age
36:01 Caravan
37:20 Murder Holes
37:26 Cavalier
39:12 Chemistry
38:43 Architecture
38:39 Citadels
39:23 Chain Mail Armor
39:00 Fletching
39:10 Padded Archer Armor
40:18 Gold Shaft Mining
40:19 Stone Shaft Mining
41:14 Blast Furnace
40:22 Savar
41:48 Savar
45:31 Plate Mail Armor
45:37 Plate Barding Armor
Z3rdn4
1:07 Loom
11:00 Feudal Age
12:25 Wheelbarrow
11:38 Double-Bit Axe
14:24 Stone Mining
15:08 Man-at-Arms
15:49 Town Watch
17:40 Gold Mining
21:34 Castle Age
20:33 Arson
20:59 Forging
21:03 Bloodlines
23:09 Horse Collar
23:41 Bow Saw
24:14 Stone Shaft Mining
23:24 Light Cavalry
24:51 Heavy Plow
26:41 Hand Cart
27:07 Murder Holes
26:58 Treadmill Crane
27:31 Husbandry
27:51 Squires
28:13 Long Swordsman
29:51 Ballistics
29:43 Masonry
29:44 Pikeman
31:50 Fervor
31:26 Elite Skirmisher
35:31 Iron Casting
35:02 Scale Barding Armor
34:48 Fletching
34:59 Scale Mail Armor
35:01 Padded Archer Armor
35:11 Thumb Ring
40:44 Imperial Age
40:12 Szlachta Privileges
42:21 Crop Rotation
42:56 Blast Furnace
43:21 Chemistry
43:17 Conscription
42:27 Capped Ram
43:33 Bodkin Arrow
44:20 Cavalier
45:24 Chain Barding Armor
45:36 Two-Handed Swordsman
47:39 Hoardings
48:54 Chain Mail Armor
48:41 Bracer
Connection lost

Rejoining the realm…

Still unreachable

The connection could not be restored.

Session expired

The server has moved on; the page needs a fresh start.